Workbook

Sheet CONSORCIO CANO
A2: ANEXO EVALUACION DE EXPERIENCIA, TECNICA Y PUNTUABLE CMA-001-2024
A4: INTERVENTORÍA TÉCNICA, ADMINISTRATIVA, FINANCIERA, AMBIENTAL Y SST PARA EL MEJORAMIENTO DE LAS VÍAS DEL MUNICIPIO DE CHÍA, CUNDINAMARCA.
B8: 1. EXPERIENCIA GENERAL, 2.2 INTERVENTORÍA A PROYECTOS DE MEJORAMIENTO EN VÍAS TERCIARIAS
B10: Proponente | C10: Integrantes | D10: INTERVENTORÍA A PROYECTOS DE: CONSTRUCCIÓN O RECONSTRUCCIÓN O MEJORAMIENTO EN PAVIMENTO ASFÁLTICO O CONCRETO HIDRÁULICO O PLACA HUELLA DE VÍAS PRIMARIAS O SECUNDARIAS O VÍAS TERCIARIAS O VÍAS URBANAS O PISTAS DE AEROPUERTOS Nota 1: Se aclara que también será válida la experiencia que haya sido ejecutada a través de interventoría a alguna de las actividades constructivas de la experiencia general para Vías en Asfalto Natural o Asfaltita. Nota 2: En caso que el proyecto a realizar la interventoría corresponda a pavimento articulado o adoquinado, también será válida la acreditación de la experiencia en este tipo de pavimento por parte de los Proponentes. | H10: Participacion | I10: Valor en $ | J10: Valor en SMMLV | K10: Valor en SMMLV por porcentaje de participación | L10: El Proponente acreditará que la sumatoria de los contratos aportados como experiencia es mayor o igual al cien por ciento (100 %) respecto del valor total del Presupuesto Oficial establecido para el Proceso de Contratación expresado en SMMLV | N10: 10.1.3 CLASIFICACIÓN DE LA EXPERIENCIA EN EL “CLASIFICADOR DE BIENES, OBRAS Y SERVICIOS DE LAS NACIONES UNIDAS” Los contratos aportados para efectos de acreditación de la experiencia requerida deben estar clasificados en alguno de los siguientes códigos: 81101500 - 80101600 | P10: CUMPLE | Q10: OBSERVACION
B15: CONSORCIO CANO | C15: CARLOS HUMBERTO ARAGON,: 90% | D15: Interventoría a la Construcción, rehabilitación y mejoramiento de las vías primarias y secundarias, en pavimento asfaltico, a cargo del Departamento de Casanare | H15: 1 | I15: 256127000 | J15: =+I15/SMMLV!D25 -> 627.76225 | K15: =+J15 -> 627.76225 | L15: =K15+K16 -> 1065.4423 | N15: ACREDITA LOS CODIGOS: 81101500 - 80101600 | P15: NO | Q15: EL PROPONENTE SE ENCUENTRA RECHAZADO JURIDICAMENTE
C16: NOGARA INGENIERIA SAS; 10% | D16: REALIZAR LA INTERVENTORIA TECNICA FINANCIERA Y JURIDICA PARA EL MANTENIMIENTO EN PAVIMENTO ASFALTICO E HIDRAULICO DE LAS VIAS URBANAS Y RURALES DEL MUNICIPIO DE PITALITO | H16: 1 | I16: 189821816 | J16: =+I16/SMMLV!D26 -> 437.68 | K16: =+J16 -> 437.68 | N16: ACREDITA LOS CODIGOS : 81101500 - 80101600
F18: P.O. Valor en $ | G18: P.O. Valor SMMLV | H18: PROMEDIO - EXPERIENCIA EN SMMLV
B19: Presupuesto Oficial | F19: 220397844 | G19: =F19/SMMLV!D43 -> 169.5368 | H19: =((K15+K16)/2) -> 532.72113 | J19: =+L15 -> 1065.4423
F23: 2. REGISTRO UNICO DE PROPONENTES
F24: Proponente | G24: Integrantes | H24: No. De Certificado | I24: Fecha de expediciòn | J24: CLASIFICACIÓN DE LA EXPERIENCIA EN EL “CLASIFICADOR DE BIENES, OBRAS Y SERVICIOS DE LAS NACIONES UNIDAS” 81101500 - 80101600 | K24: Verificado | M24: “Formato 8 - Aceptación y cumplimiento de la formación académica y la experiencia del personal clave evaluable” | N24: CUMPLE (SI/NO)
F25: =B15 -> CONSORCIO CANO | G25: =C15 -> CARLOS HUMBERTO ARAGON,: 90% | H25: AA24811217 | I25: 45412 | J25: VERIFICADO | K25: SI | N25: SI
F26: =+F25 -> CONSORCIO CANO | G26: =C16 -> NOGARA INGENIERIA SAS; 10% | H26: AA24812848 | I26: 45412 | J26: VERIFICADO | K26: SI
B29: 3. CRITERIOS DE EVALUACIÓN, ASIGNACIÓN DE PUNTAJE Y CRITERIOS DE DESEMPATE
B30: FORMA DE VERIFICACIÓN Y ASIGNACIÓN DE PUNTAJE POR LA EXPERIENCIA DEL PROPONENTE | G30: 4.2 EQUIPO DE TRABAJO (Personal Clave Evaluable) | K30: 4.3 FACTOR DE SOSTENIBILIDAD La Entidad asignará un (1) punto al Proponente que se comprometa con el diligenciamiento del “Formato 12 – Factor de sostenibilidad” | M30: 4.6 EMPRENDIMIENTOS Y EMPRESAS DE MUJERES La Entidad asignará un puntaje de cero punto veinticinco (0.25) puntos al Proponente que acredite la calidad de emprendimientos y empresas de mujeres con domicilio en el territorio nacional de conformidad con lo previsto en el artículo 2.2.1.2.4.2.14. del Decreto 1082 de 2015 o la norma que lo modifique, sustituya o complemente. | N30: 4.7 MIPYME DOMICILIADA EN COLOMBIA La Entidad otorgará un puntaje de cero punto veinticinco (0.25) puntos al Proponente que acredite la calidad de Mipyme domiciliada en Colombia, de conformidad con el artículo 2.2.1.2.4.2.4 del Decreto 1082 de 2015, en concordancia con el parágrafo del artículo 2.2.1.13.2.4 del Decreto 1074 de 2015, o la norma que lo modifique, complemente o sustituya.
B31: CONTRATOS APORTADOS CONFORME EL VALOR EN SMMLV | C31: PROMEDIO DE CONTRATOS ACREDITADOS PARA EXPERIENCIA, EXPRESADO EN SMMLV | D31: TRM APLICADA | E31: METODO (Media geométrica) | G31: La asignación de puntaje relacionada con el “Equipo de trabajo (Personal Clave Evaluable)” se realizará de la siguiente manera:
D32: TMR - VIGENTE 9 DE MAYO 2024, VALOR 3,902.63 COP | G32: 4.2.1 EXPERIENCIA ESPECÍFICA ADICIONAL La Entidad asignará cinco (5) puntos al Proponente que se comprometa con el diligenciamiento del “Formato 9 - Experiencia y formación académica adicional del Personal Clave Evaluable” a acreditar que tienen un (1) año de experiencia específica adicional a la definida en la “Matriz 4 | I32: 4.2.2 FORMACIÓN ACADÉMICA ADICIONAL La Entidad asignará cinco (5) puntos al Proponente que se comprometa con el diligenciamiento del “Formato 9 – Experiencia y formación académica adicional del Personal Clave Evaluable” a acreditar que tienen una formación académica adicional a la definida en la “Matriz 4 | J32: PUNTAJE 10 | K32: - | M32: - | N32: -
B33: =K15 -> 627.76225 | C33: =+AVERAGE(B33:B34) -> 532.72113 | G33: - | I33: - | J33: -
B34: =K16 -> 437.68
B36: P.O. Valor en $ | C36: P.O. Valor SMMLV
B37: =F19 -> 220397844 | C37: =B37/1300000 -> 169.5368
B39: 4.4. APOYO A LA INDUSTRIA NACIONAL | I39: VINCULACIÓN DE PERSONAS CON DISCAPACIDAD
B40: PROPONENTE | G40: PUNTAJE(0-20) | I40: PROPONENTE | J40: La Entidad asignará un (1) punto al Proponente que acredite el número mínimo de personas en condición de discapacidad, de acuerdo con el número total de trabajadores de la planta de su personal, en los términos señalados en el artículo 2.2.1.2.4.2.6. del Decreto 1082 de 2015. | M40: PUNTAJE (0-1)
B47: =B15 -> CONSORCIO CANO | C47: ACREDITA REQUISITO - FORMATO 7 – PUNTAJE DE INDUSTRIA NACIONAL FORMATO 7A – PROMOCIÓN DE SERVICIOS NACIONALES O CON TRATO NACIONAL | G47: - | I47: =+B15 -> CONSORCIO CANO | M47: -
B53: PROPONENTE | C53: Asimismo, las Entidades deberán reducir durante la evaluación de las ofertas dos (2) puntos a los Proponentes que se les haya impuesto una o más multas o cláusulas penales durante el último año, contado a partir de la fecha prevista para el cierre del proceso, sin importar la cuantía y sin perjuicio de las demás consecuencias derivadas del incumplimiento. Esta reducción también afecta a los Consorcios y a las Uniones Temporales si alguno de sus integrantes se encuentra en la situación anterior. | H53: DESCUENTO PUNTAJE | J53: PROPONENTE | K53: Las Entidades deben consultar y analizar las anotaciones vigentes que reposen en el Registro Nacional de Obras Civiles Inconclusas de que trata la Ley 2020 de 2020. En el evento que las personas naturales o jurídicas, nacionales o extranjeras domiciliadas o con Sucursal en Colombia, o integrantes de Proponentes Plurales, cuenten con alguna anotación vigente de obra civil inconclusa en el mencionado registro, se descontará un (1) punto de la sumatoria obtenida en relación con los criterios de evaluación. | O53: DESCUENTO PUNTAJE
B57: =B15 -> CONSORCIO CANO | C57: VERIFICADO | H57: - | J57: =B15 -> CONSORCIO CANO | K57: VERIFICADO | O57: -
B61: TOTAL PUNTOS | C61: -

Sheet CONSORCIO CBE CHIA
A2: ANEXO EVALUACION DE EXPERIENCIA, TECNICA Y PUNTUABLE CMA-001-2024
A4: INTERVENTORÍA TÉCNICA, ADMINISTRATIVA, FINANCIERA, AMBIENTAL Y SST PARA EL MEJORAMIENTO DE LAS VÍAS DEL MUNICIPIO DE CHÍA, CUNDINAMARCA.
B8: 1. EXPERIENCIA GENERAL, 2.2 INTERVENTORÍA A PROYECTOS DE MEJORAMIENTO EN VÍAS TERCIARIAS
B10: Proponente | C10: Integrantes | D10: INTERVENTORÍA A PROYECTOS DE: CONSTRUCCIÓN O RECONSTRUCCIÓN O MEJORAMIENTO EN PAVIMENTO ASFÁLTICO O CONCRETO HIDRÁULICO O PLACA HUELLA DE VÍAS PRIMARIAS O SECUNDARIAS O VÍAS TERCIARIAS O VÍAS URBANAS O PISTAS DE AEROPUERTOS Nota 1: Se aclara que también será válida la experiencia que haya sido ejecutada a través de interventoría a alguna de las actividades constructivas de la experiencia general para Vías en Asfalto Natural o Asfaltita. Nota 2: En caso que el proyecto a realizar la interventoría corresponda a pavimento articulado o adoquinado, también será válida la acreditación de la experiencia en este tipo de pavimento por parte de los Proponentes. | H10: Participacion | I10: Valor en $ | J10: Valor en SMMLV | K10: Valor en SMMLV por porcentaje de participación | L10: El Proponente acreditará que la sumatoria de los contratos aportados como experiencia es mayor o igual al cien por ciento (100 %) respecto del valor total del Presupuesto Oficial establecido para el Proceso de Contratación expresado en SMMLV | N10: 10.1.3 CLASIFICACIÓN DE LA EXPERIENCIA EN EL “CLASIFICADOR DE BIENES, OBRAS Y SERVICIOS DE LAS NACIONES UNIDAS” Los contratos aportados para efectos de acreditación de la experiencia requerida deben estar clasificados en alguno de los siguientes códigos: 81101500 - 80101600 | P10: CUMPLE | Q10: OBSERVACION
B15: Consorcio CBE CHIA | C15: CONSTRUCCIONES BETANIA SAS: 35% | D15: INTERVENTORIA TECNICA ADMINISTRATIVA ,FINANCIERA Y AMBIENTAL PARA EL MANTENIMIENTO DE LA VIA COROZAL, SAN JUAN DE BETULIA - SINCE MUNICIPIOS DE COROZAL, SAN JUAN DE BETULIA Y SINCE, DEPARTAMENTO DE SUCRE Y CONSTRUCCION DE PAVIMENTO RIGIDO EN LA CRA 3 ENTRE CALLE 5 Y 3B EN EL CORREGIMIENTO DE LA ARENA Y CONSTRUCCION DE BOXCOULVERTS SOBRE EL ARROYO SAN ANTONIO DE LA VIA SAN ANTONIO - LAS HUERTAS , MUNICIPIO DE SINCELEJO DEPARTAMENTO DE SUCRE | H15: 1 | I15: 2.4510257e+08 | J15: =+I15/SMMLV!D34 -> 380.38732 | K15: =+J15 -> 380.38732 | L15: =K15+K17+K16 -> 933.45073 | N15: ACREDITA LOS CODIGOS: 81101500 - 80101600 | P15: NO | Q15: EL PROPONENTE SE ENCUENTRA RECHAZADO JURIDICAMENTE
C16: EDILBERTO GUEVARA VASQUEZ: 30% | D16: INTERVENTORIA INTEGRAL AL CONTRATO QUE SE GENERO DE LA LICITACION PUBLICA LP-MG-01-2017 Y AL CONTRATO GENERADO DE LA LICITACION PUBLICA MG-003-2017, CUYOS OBJETOS SON REHABILITACION DE LA VIA EL MALAGANO, CAMPO SANTO Y LAS MOCHILAS ZONA RURAL DE GUARANDA - SUCRE Y CONSTRUCCION DE PAVIEMNTO RIGIDO Y OBRAS DE URBANISMO EN LA CRA 7 ENTRE CRA 9,10,11 Y 11A DEL BARRIO SAN CAMILOY LA CRA 9 ENTRE CALLES 4,5 Y 6 DEL BARRIO PUEBLO NUEVO ZONA URBANA DEL MUNICIPIO DE GUARANDA DEPARTAMENTO DE SUCRE | H16: 1 | I16: 2.0182801e+08 | J16: =+I16/SMMLV!D37 -> 258.3425 | K16: =+J16 -> 258.3425 | N16: ACREDITA LOS CODIGOS: 80101600
C17: ASOCIACION DE MUNICIPIOS SOSTENIBLES DE COLOMBIA: 35% | D17: CONVENIO INTERADMINISTRITIVO PARA LA INTERVENTORÌA TÈCNICA, ADMINISTRATIVA, FINANCIERA Y AMBIENTAL EN LA EJECUCIÒN DEL PROYECTO DE INVERSIÒN DE INFRAESTRUCTURA DE TRASNPORTE, CONSISTENTE EN EL MEJORAMIENTO DE CAPA DE RODADURA CON PLACA HUELLA EN ZONA RURAL DEL MUNICIPIO DESAN PEDRO DE URABÀ , ANTIOQUÌA; EJECUCIÒN CONFORME A LAS ESPECIFICIDADES TÈCNICAS VIABILIZADAS POR EL OCAD-PAZ ACUERDO 23 Y APROBACIÒN POR PARTE DEL DNP DEL GOBIERNO NACIONAL, A EFECTOS DE FINANCIACIÒN CON RECURSOS DEL SISTEMA DE GENERAL DE REGALIAS. | H17: 1 | I17: 267761608 | J17: =+I17/SMMLV!D40 -> 294.72091 | K17: =+J17 -> 294.72091 | N17: ACREDITA LOS CODIGOS : 81101500 - 80101600
F19: P.O. Valor en $ | G19: P.O. Valor SMMLV | H19: PROMEDIO - EXPERIENCIA EN SMMLV
B20: Presupuesto Oficial | F20: 220397844 | G20: =F20/SMMLV!D43 -> 169.5368 | H20: =((K15+K17+K16)/3) -> 311.15024 | J20: =+L15 -> 933.45073
F24: 2. REGISTRO UNICO DE PROPONENTES
F25: Proponente | G25: Integrantes | H25: No. De Certificado | I25: Fecha de expediciòn | J25: CLASIFICACIÓN DE LA EXPERIENCIA EN EL “CLASIFICADOR DE BIENES, OBRAS Y SERVICIOS DE LAS NACIONES UNIDAS” 81101500 - 80101600 | K25: Verificado | M25: “Formato 8 - Aceptación y cumplimiento de la formación académica y la experiencia del personal clave evaluable” | N25: CUMPLE (SI/NO)
F26: =$B$15 -> Consorcio CBE CHIA | G26: =C15 -> CONSTRUCCIONES BETANIA SAS: 35% | H26: 2VCD4Dq7St | I26: 45404 | J26: VERIFICADO | K26: SI | N26: SI
F27: =$B$15 -> Consorcio CBE CHIA | G27: =C16 -> EDILBERTO GUEVARA VASQUEZ: 30% | H27: umZ4JxFcUX | I27: 45406 | J27: VERIFICADO | K27: SI
F28: =$B$15 -> Consorcio CBE CHIA | G28: =C17 -> ASOCIACION DE MUNICIPIOS SOSTENIBLES DE COLOMBIA: 35% | H28: DpqMZ2eDUY | I28: 45385 | J28: VERIFICADO | K28: SI
B31: 3. CRITERIOS DE EVALUACIÓN, ASIGNACIÓN DE PUNTAJE Y CRITERIOS DE DESEMPATE
B32: FORMA DE VERIFICACIÓN Y ASIGNACIÓN DE PUNTAJE POR LA EXPERIENCIA DEL PROPONENTE | G32: 4.2 EQUIPO DE TRABAJO (Personal Clave Evaluable) | K32: 4.3 FACTOR DE SOSTENIBILIDAD La Entidad asignará un (1) punto al Proponente que se comprometa con el diligenciamiento del “Formato 12 – Factor de sostenibilidad” | M32: 4.6 EMPRENDIMIENTOS Y EMPRESAS DE MUJERES La Entidad asignará un puntaje de cero punto veinticinco (0.25) puntos al Proponente que acredite la calidad de emprendimientos y empresas de mujeres con domicilio en el territorio nacional de conformidad con lo previsto en el artículo 2.2.1.2.4.2.14. del Decreto 1082 de 2015 o la norma que lo modifique, sustituya o complemente. | N32: 4.7 MIPYME DOMICILIADA EN COLOMBIA La Entidad otorgará un puntaje de cero punto veinticinco (0.25) puntos al Proponente que acredite la calidad de Mipyme domiciliada en Colombia, de conformidad con el artículo 2.2.1.2.4.2.4 del Decreto 1082 de 2015, en concordancia con el parágrafo del artículo 2.2.1.13.2.4 del Decreto 1074 de 2015, o la norma que lo modifique, complemente o sustituya.
B33: CONTRATOS APORTADOS CONFORME EL VALOR EN SMMLV | C33: PROMEDIO DE CONTRATOS ACREDITADOS PARA EXPERIENCIA, EXPRESADO EN SMMLV | D33: TRM APLICADA | E33: METODO (Media geométrica) | G33: La asignación de puntaje relacionada con el “Equipo de trabajo (Personal Clave Evaluable)” se realizará de la siguiente manera:
D34: TMR - VIGENTE 9 DE MAYO 2024, VALOR 3,902.63 COP | G34: 4.2.1 EXPERIENCIA ESPECÍFICA ADICIONAL La Entidad asignará cinco (5) puntos al Proponente que se comprometa con el diligenciamiento del “Formato 9 - Experiencia y formación académica adicional del Personal Clave Evaluable” a acreditar que tienen un (1) año de experiencia específica adicional a la definida en la “Matriz 4 | I34: 4.2.2 FORMACIÓN ACADÉMICA ADICIONAL La Entidad asignará cinco (5) puntos al Proponente que se comprometa con el diligenciamiento del “Formato 9 – Experiencia y formación académica adicional del Personal Clave Evaluable” a acreditar que tienen una formación académica adicional a la definida en la “Matriz 4 | J34: PUNTAJE 10 | K34: - | M34: - | N34: -
B35: =K15 -> 380.38732 | C35: =+AVERAGE(B35:B36) -> 337.55412 | G35: - | I35: - | J35: -
B36: =K17 -> 294.72091
B38: P.O. Valor en $ | C38: P.O. Valor SMMLV
B39: =F20 -> 220397844 | C39: =B39/1300000 -> 169.5368
B41: 4.4. APOYO A LA INDUSTRIA NACIONAL | I41: VINCULACIÓN DE PERSONAS CON DISCAPACIDAD
B42: PROPONENTE | G42: PUNTAJE(0-20) | I42: PROPONENTE | J42: La Entidad asignará un (1) punto al Proponente que acredite el número mínimo de personas en condición de discapacidad, de acuerdo con el número total de trabajadores de la planta de su personal, en los términos señalados en el artículo 2.2.1.2.4.2.6. del Decreto 1082 de 2015. | M42: PUNTAJE (0-1)
B49: =B15 -> Consorcio CBE CHIA | C49: ACREDITA REQUISITO - FORMATO 7 – PUNTAJE DE INDUSTRIA NACIONAL FORMATO 7A – PROMOCIÓN DE SERVICIOS NACIONALES O CON TRATO NACIONAL | G49: - | I49: =+B15 -> Consorcio CBE CHIA | M49: -
B55: PROPONENTE | C55: Asimismo, las Entidades deberán reducir durante la evaluación de las ofertas dos (2) puntos a los Proponentes que se les haya impuesto una o más multas o cláusulas penales durante el último año, contado a partir de la fecha prevista para el cierre del proceso, sin importar la cuantía y sin perjuicio de las demás consecuencias derivadas del incumplimiento. Esta reducción también afecta a los Consorcios y a las Uniones Temporales si alguno de sus integrantes se encuentra en la situación anterior. | H55: DESCUENTO PUNTAJE | J55: PROPONENTE | K55: Las Entidades deben consultar y analizar las anotaciones vigentes que reposen en el Registro Nacional de Obras Civiles Inconclusas de que trata la Ley 2020 de 2020. En el evento que las personas naturales o jurídicas, nacionales o extranjeras domiciliadas o con Sucursal en Colombia, o integrantes de Proponentes Plurales, cuenten con alguna anotación vigente de obra civil inconclusa en el mencionado registro, se descontará un (1) punto de la sumatoria obtenida en relación con los criterios de evaluación. | O55: DESCUENTO PUNTAJE
B59: =B15 -> Consorcio CBE CHIA | C59: VERIFICADO | H59: - | J59: =B15 -> Consorcio CBE CHIA | K59: VERIFICADO | O59: -
B63: TOTAL PUNTOS | C63: -

Sheet CS CHIA JI
A2: ANEXO EVALUACION DE EXPERIENCIA, TECNICA Y PUNTUABLE CMA-001-2024
A4: INTERVENTORÍA TÉCNICA, ADMINISTRATIVA, FINANCIERA, AMBIENTAL Y SST PARA EL MEJORAMIENTO DE LAS VÍAS DEL MUNICIPIO DE CHÍA, CUNDINAMARCA.
B8: 1. EXPERIENCIA GENERAL, 2.2 INTERVENTORÍA A PROYECTOS DE MEJORAMIENTO EN VÍAS TERCIARIAS
B10: Proponente | C10: Integrantes | D10: INTERVENTORÍA A PROYECTOS DE: CONSTRUCCIÓN O RECONSTRUCCIÓN O MEJORAMIENTO EN PAVIMENTO ASFÁLTICO O CONCRETO HIDRÁULICO O PLACA HUELLA DE VÍAS PRIMARIAS O SECUNDARIAS O VÍAS TERCIARIAS O VÍAS URBANAS O PISTAS DE AEROPUERTOS Nota 1: Se aclara que también será válida la experiencia que haya sido ejecutada a través de interventoría a alguna de las actividades constructivas de la experiencia general para Vías en Asfalto Natural o Asfaltita. Nota 2: En caso que el proyecto a realizar la interventoría corresponda a pavimento articulado o adoquinado, también será válida la acreditación de la experiencia en este tipo de pavimento por parte de los Proponentes. | H10: Participacion | I10: Valor en $ | J10: Valor en SMMLV | K10: Valor en SMMLV por porcentaje de participación | L10: El Proponente acreditará que la sumatoria de los contratos aportados como experiencia es mayor o igual al cien por ciento (100 %) respecto del valor total del Presupuesto Oficial establecido para el Proceso de Contratación expresado en SMMLV | N10: 10.1.3 CLASIFICACIÓN DE LA EXPERIENCIA EN EL “CLASIFICADOR DE BIENES, OBRAS Y SERVICIOS DE LAS NACIONES UNIDAS” Los contratos aportados para efectos de acreditación de la experiencia requerida deben estar clasificados en alguno de los siguientes códigos: 81101500 - 80101600 | P10: CUMPLE | Q10: OBSERVACION
B15: CONSORCIO CHIA JI | C15: JPS INGENIERIA S.A.S. (LIDER): 90% | D15: INTERVENTORÍA PARA EL MEJORAMIENTO Y MANTENIMIENTO CARRETERA HONDA · RIO ERMITAÑO, RUTA 4510, SECTORES DEL PR20+000 AL PR67+0000 Y DEL PR86+0000 AL PR106+0400 Y SECTOR RÍO ERMITAÑO· SAN ALBERTO RUTA 45 TRAMO 4511 Y 4513 | H15: 0.2 | I15: 1.7924524e+08 | J15: 439.35 | K15: =+I15/SMMLV!D25 -> 439.32658 | L15: =+K15 -> 439.32658 | N15: ACREDITA LOS CODIGOS: 81101500 - 80101600 | P15: SI | Q15: EL PROPONENTE SE ENCUENTRA RECHAZADO JURIDICAMENTE
C16: JPS INGENIERIA S.A.S. (LIDER): 90% | D16: INTERVENTORIA DE LOS ESTUDIOS Y DISEÑOS, PAVIMENTACION Y/O REPAVIMENTACION DE LAS VIAS INCLUIDAS DENTRO DEL PROGRAMA DE PAVIMENTACIÓN DE INFRAESTRUCTURA VIAL DE INTEGRACION Y DESARROLLO GRUPO 05 VÍA ACCESO A MARINILLA AVDA 28 CON UNA LONGITUD DE 2.40 KILOMETROS; VÍA LA CEJA - ABEJORRAL CON UNA LONGITUD DE 20.00 KILOMETROS EN EL DEPARTAMENTO DE ANTIOQUIA | H16: 0.25 | I16: 4.6000829e+08 | J16: 925.76 | K16: =+J16 -> 925.76 | L16: =+K16 -> 925.76 | N16: ACREDITA LOS CODIGOS: 81101500 - 80101600
C17: JPS INGENIERIA S.A.S. (LIDER): 90% | D17: ASESORIA E INTERVENTORIA TÉCNICA ADMINISTRAlTVA Y FINANCIERA PARA LA CONSTRUCCIÓN DE CORREDORES DEL SISTEMA DE TRANSPORTE MASIVO MEGABÚS. CONSTRUCCIÓN AVENIDA SAN MATEO. INTERSECClóN AVENIDA SAN MATEO -AVENIDA. DE LAS AMÉRICAS FASE 1, MUNICIPIO DE PEREIRA. | H17: 0.5 | I17: 406154889 | J17: 788.65 | K17: =+I17/SMMLV!D29 -> 788.65027 | L17: =+K17 -> 788.65027 | N17: ACREDITA LOS CODIGOS: 81101500 - 80101600
C18: JPS INGENIERIA S.A.S. (LIDER): 90% | D18: INTERVENTORIA TECNICA ADMINSTRATIVA Y FINANCIERA DEL CONTRATO DE OBRA PUBLICA Nº LP 006-2011 cuyo Objeto es: CONSTRUCCIÓN ALCANTARILLADO Y PAVIMENTO EN CONCRETO RÍGIDO DE LA CALLE 4TA ENTRE LAS CARRERAS 18 Y 1C DEL CASCO URBANO DEL MUNICIPIO DE FLORIAN SANTANDER. | H18: 1 | I18: 15115000 | J18: 26.67196 | K18: 26.67 | L18: =+K18 -> 26.67 | N18: ACREDITA LOS CODIGOS: 81101500 - 80101600
C19: INFRAING SAS: 10%
F21: P.O. Valor en $ | G21: P.O. Valor SMMLV | H21: PROMEDIO - EXPERIENCIA EN SMMLV
B22: Presupuesto Oficial | F22: 220397844 | G22: =F22/SMMLV!D43 -> 169.5368 | H22: =((K15+K16+K17+K18)/4) -> 545.10171 | J22: =SUM(L15:M18) -> 2180.4068
F26: 2. REGISTRO UNICO DE PROPONENTES
F27: Proponente | G27: Integrantes | H27: No. De Certificado | I27: Fecha de expediciòn | J27: CLASIFICACIÓN DE LA EXPERIENCIA EN EL “CLASIFICADOR DE BIENES, OBRAS Y SERVICIOS DE LAS NACIONES UNIDAS” 81101500 - 80101600 | K27: Verificado | M27: “Formato 8 - Aceptación y cumplimiento de la formación académica y la experiencia del personal clave evaluable” | N27: CUMPLE (SI/NO)
F28: =$B$15 -> CONSORCIO CHIA JI | G28: =C15 -> JPS INGENIERIA S.A.S. (LIDER): 90% | H28: AA24828824 | I28: 45415 | J28: VERIFICADO | K28: SI | N28: SI
F29: =+B15 -> CONSORCIO CHIA JI | G29: =+C19 -> INFRAING SAS: 10% | H29: AA24828824 | I29: 45415 | J29: VERIFICADO | K29: SI
B32: 3. CRITERIOS DE EVALUACIÓN, ASIGNACIÓN DE PUNTAJE Y CRITERIOS DE DESEMPATE
B33: FORMA DE VERIFICACIÓN Y ASIGNACIÓN DE PUNTAJE POR LA EXPERIENCIA DEL PROPONENTE | G33: 4.2 EQUIPO DE TRABAJO (Personal Clave Evaluable) | K33: 4.3 FACTOR DE SOSTENIBILIDAD La Entidad asignará un (1) punto al Proponente que se comprometa con el diligenciamiento del “Formato 12 – Factor de sostenibilidad” | M33: 4.6 EMPRENDIMIENTOS Y EMPRESAS DE MUJERES La Entidad asignará un puntaje de cero punto veinticinco (0.25) puntos al Proponente que acredite la calidad de emprendimientos y empresas de mujeres con domicilio en el territorio nacional de conformidad con lo previsto en el artículo 2.2.1.2.4.2.14. del Decreto 1082 de 2015 o la norma que lo modifique, sustituya o complemente. | N33: 4.7 MIPYME DOMICILIADA EN COLOMBIA La Entidad otorgará un puntaje de cero punto veinticinco (0.25) puntos al Proponente que acredite la calidad de Mipyme domiciliada en Colombia, de conformidad con el artículo 2.2.1.2.4.2.4 del Decreto 1082 de 2015, en concordancia con el parágrafo del artículo 2.2.1.13.2.4 del Decreto 1074 de 2015, o la norma que lo modifique, complemente o sustituya.
B34: CONTRATOS APORTADOS CONFORME EL VALOR EN SMMLV | C34: PROMEDIO DE CONTRATOS ACREDITADOS PARA EXPERIENCIA, EXPRESADO EN SMMLV | D34: TRM APLICADA | E34: METODO (Media geométrica) | G34: La asignación de puntaje relacionada con el “Equipo de trabajo (Personal Clave Evaluable)” se realizará de la siguiente manera:
D35: TMR - VIGENTE 9 DE MAYO 2024, VALOR 3,902.63 COP | G35: 4.2.1 EXPERIENCIA ESPECÍFICA ADICIONAL La Entidad asignará cinco (5) puntos al Proponente que se comprometa con el diligenciamiento del “Formato 9 - Experiencia y formación académica adicional del Personal Clave Evaluable” a acreditar que tienen un (1) año de experiencia específica adicional a la definida en la “Matriz 4 | I35: 4.2.2 FORMACIÓN ACADÉMICA ADICIONAL La Entidad asignará cinco (5) puntos al Proponente que se comprometa con el diligenciamiento del “Formato 9 – Experiencia y formación académica adicional del Personal Clave Evaluable” a acreditar que tienen una formación académica adicional a la definida en la “Matriz 4 | J35: PUNTAJE 10 | K35: - | M35: - | N35: -
B36: =K15 -> 439.32658 | C36: =+AVERAGE(B36:B39) -> 545.10171 | G36: - | I36: - | J36: -
B37: =K16 -> 925.76
B38: =K17 -> 788.65027
B39: =K18 -> 26.67
B41: P.O. Valor en $ | C41: P.O. Valor SMMLV
B42: =F22 -> 220397844 | C42: =B42/1300000 -> 169.5368
B44: 4.4. APOYO A LA INDUSTRIA NACIONAL | I44: VINCULACIÓN DE PERSONAS CON DISCAPACIDAD
B45: PROPONENTE | G45: PUNTAJE(0-20) | I45: PROPONENTE | J45: La Entidad asignará un (1) punto al Proponente que acredite el número mínimo de personas en condición de discapacidad, de acuerdo con el número total de trabajadores de la planta de su personal, en los términos señalados en el artículo 2.2.1.2.4.2.6. del Decreto 1082 de 2015. | M45: PUNTAJE (0-1)
B52: =B15 -> CONSORCIO CHIA JI | C52: ACREDITA REQUISITO - FORMATO 7 – PUNTAJE DE INDUSTRIA NACIONAL FORMATO 7A – PROMOCIÓN DE SERVICIOS NACIONALES O CON TRATO NACIONAL | G52: - | I52: =+B15 -> CONSORCIO CHIA JI | M52: -
B58: PROPONENTE | C58: Asimismo, las Entidades deberán reducir durante la evaluación de las ofertas dos (2) puntos a los Proponentes que se les haya impuesto una o más multas o cláusulas penales durante el último año, contado a partir de la fecha prevista para el cierre del proceso, sin importar la cuantía y sin perjuicio de las demás consecuencias derivadas del incumplimiento. Esta reducción también afecta a los Consorcios y a las Uniones Temporales si alguno de sus integrantes se encuentra en la situación anterior. | H58: DESCUENTO PUNTAJE | J58: PROPONENTE | K58: Las Entidades deben consultar y analizar las anotaciones vigentes que reposen en el Registro Nacional de Obras Civiles Inconclusas de que trata la Ley 2020 de 2020. En el evento que las personas naturales o jurídicas, nacionales o extranjeras domiciliadas o con Sucursal en Colombia, o integrantes de Proponentes Plurales, cuenten con alguna anotación vigente de obra civil inconclusa en el mencionado registro, se descontará un (1) punto de la sumatoria obtenida en relación con los criterios de evaluación. | O58: DESCUENTO PUNTAJE
B62: =B15 -> CONSORCIO CHIA JI | C62: VERIFICADO | H62: - | J62: =B15 -> CONSORCIO CHIA JI | K62: VERIFICADO | O62: -
B66: TOTAL PUNTOS | C66: -

Sheet C. INTERVENTOR VELNEC
A2: ANEXO EVALUACION DE EXPERIENCIA, TECNICA Y PUNTUABLE CMA-001-2024
A4: INTERVENTORÍA TÉCNICA, ADMINISTRATIVA, FINANCIERA, AMBIENTAL Y SST PARA EL MEJORAMIENTO DE LAS VÍAS DEL MUNICIPIO DE CHÍA, CUNDINAMARCA.
B8: 1. EXPERIENCIA GENERAL, 2.2 INTERVENTORÍA A PROYECTOS DE MEJORAMIENTO EN VÍAS TERCIARIAS
B10: Proponente | C10: Integrantes | D10: INTERVENTORÍA A PROYECTOS DE: CONSTRUCCIÓN O RECONSTRUCCIÓN O MEJORAMIENTO EN PAVIMENTO ASFÁLTICO O CONCRETO HIDRÁULICO O PLACA HUELLA DE VÍAS PRIMARIAS O SECUNDARIAS O VÍAS TERCIARIAS O VÍAS URBANAS O PISTAS DE AEROPUERTOS Nota 1: Se aclara que también será válida la experiencia que haya sido ejecutada a través de interventoría a alguna de las actividades constructivas de la experiencia general para Vías en Asfalto Natural o Asfaltita. Nota 2: En caso que el proyecto a realizar la interventoría corresponda a pavimento articulado o adoquinado, también será válida la acreditación de la experiencia en este tipo de pavimento por parte de los Proponentes. | H10: Participacion | I10: Valor en $ | J10: Valor en SMMLV | K10: Valor en SMMLV por porcentaje de participación | L10: El Proponente acreditará que la sumatoria de los contratos aportados como experiencia es mayor o igual al cien por ciento (100 %) respecto del valor total del Presupuesto Oficial establecido para el Proceso de Contratación expresado en SMMLV | N10: 10.1.3 CLASIFICACIÓN DE LA EXPERIENCIA EN EL “CLASIFICADOR DE BIENES, OBRAS Y SERVICIOS DE LAS NACIONES UNIDAS” Los contratos aportados para efectos de acreditación de la experiencia requerida deben estar clasificados en alguno de los siguientes códigos: 81101500 - 80101600 | P10: CUMPLE
B15: CONSORCIO INTERVENTOR VELNEC | C15: VELNEC SAS: 95% | D15: INTERVENTORIA TECNICA,ADMINISTRATIVA,A PRECIO GLOBAL FIJO AL CONTRATO PARA DISEÑO Y CONSTRUCCION DE PAVIMENTOS LOCALES EN LA LOCALIDAD DE SUBA SECTOR RINCON SUBA | H15: 1 | I15: 103292110 | J15: =+I15/SMMLV!D19 -> 397.12461 | K15: 397.12 | L15: =+K15+K16+K17 -> 1265.8663 | N15: ACREDITA LOS CODIGOS: 81101500 - 80101600 | P15: SI
C16: VELNEC SAS: 95% | D16: INTERVENTORIA TECNICA,ADMINISTRATIVA,A PRECIO GLOBAL FIJO AL CONTRATO PARA DISEÑO Y CONSTRUCCION DE PAVIMENTOS LOCALES EN LA LOCALIDAD DE BOSA SECTOR JOSE ANTONIO GALAN | H16: 1 | I16: 91983000 | J16: =+I16/SMMLV!D19 -> 353.64475 | K16: =+J16 -> 353.64475 | N16: ACREDITA LOS CODIGOS: 81101500 - 80101600
C17: VELNEC SAS: 95% | D17: INTERVENTORÍA TÉCNICA, ADMINISTRATIVA. FINANCIERA Y AMBIENTAL RESPECTOA LOS AJUSTES A LOS DISEÑOS Y CONSTRUCCIÓN DE LAS OBRAS DEL SECTOR PUENTE CAÑO FISTO, ENTRE LOS PUNTOS DE REFERENCIA K57+783 AL K57+850 DE LA VÍA QUE DEL MUNICIPIO DE ATACO CONDUCE AL MUNICIPIO DE PLANADAS EN EL SUR DEL DEPARTAMENTO DE TOLIMA. | H17: 1 | I17: 355139313 | J17: =+I17/SMMLV!D35 -> 515.10151 | K17: =+J17 -> 515.10151 | N17: ACREDITA LOS CODIGOS: 81101500 - 80101600
C18: VELNEC INGENIERIA SAS BIC: 5% | K18: 0
F20: P.O. Valor en $ | G20: P.O. Valor SMMLV | H20: PROMEDIO - EXPERIENCIA EN SMMLV
B21: Presupuesto Oficial | F21: 220397844 | G21: =F21/SMMLV!D43 -> 169.5368 | H21: =((K15+K16+K17)/3) -> 421.95542 | J21: =+L15 -> 1265.8663
F25: 2. REGISTRO UNICO DE PROPONENTES
F26: Proponente | G26: Integrantes | H26: No. De Certificado | I26: Fecha de expediciòn | J26: CLASIFICACIÓN DE LA EXPERIENCIA EN EL “CLASIFICADOR DE BIENES, OBRAS Y SERVICIOS DE LAS NACIONES UNIDAS” 81101500 - 80101600 | K26: Verificado | M26: “Formato 8 - Aceptación y cumplimiento de la formación académica y la experiencia del personal clave evaluable” | N26: CUMPLE (SI/NO)
F27: =$B$15 -> CONSORCIO INTERVENTOR VELNEC | G27: =C15 -> VELNEC SAS: 95% | H27: AA24715688 | I27: 45393 | J27: VERIFICADO | K27: SI | N27: SI
F28: =$B$15 -> CONSORCIO INTERVENTOR VELNEC | G28: =C18 -> VELNEC INGENIERIA SAS BIC: 5% | H28: AA24715781 | I28: 45393 | J28: VERIFICADO | K28: SI
B31: 3. CRITERIOS DE EVALUACIÓN, ASIGNACIÓN DE PUNTAJE Y CRITERIOS DE DESEMPATE
B32: FORMA DE VERIFICACIÓN Y ASIGNACIÓN DE PUNTAJE POR LA EXPERIENCIA DEL PROPONENTE | G32: 4.2 EQUIPO DE TRABAJO (Personal Clave Evaluable) | K32: 4.3 FACTOR DE SOSTENIBILIDAD La Entidad asignará un (1) punto al Proponente que se comprometa con el diligenciamiento del “Formato 12 – Factor de sostenibilidad” | M32: 4.6 EMPRENDIMIENTOS Y EMPRESAS DE MUJERES La Entidad asignará un puntaje de cero punto veinticinco (0.25) puntos al Proponente que acredite la calidad de emprendimientos y empresas de mujeres con domicilio en el territorio nacional de conformidad con lo previsto en el artículo 2.2.1.2.4.2.14. del Decreto 1082 de 2015 o la norma que lo modifique, sustituya o complemente. | N32: 4.7 MIPYME DOMICILIADA EN COLOMBIA La Entidad otorgará un puntaje de cero punto veinticinco (0.25) puntos al Proponente que acredite la calidad de Mipyme domiciliada en Colombia, de conformidad con el artículo 2.2.1.2.4.2.4 del Decreto 1082 de 2015, en concordancia con el parágrafo del artículo 2.2.1.13.2.4 del Decreto 1074 de 2015, o la norma que lo modifique, complemente o sustituya.
B33: CONTRATOS APORTADOS CONFORME EL VALOR EN SMMLV | C33: PROMEDIO DE CONTRATOS ACREDITADOS PARA EXPERIENCIA, EXPRESADO EN SMMLV | D33: TRM APLICADA | E33: METODO (Media geométrica) | G33: La asignación de puntaje relacionada con el “Equipo de trabajo (Personal Clave Evaluable)” se realizará de la siguiente manera:
D34: TMR - VIGENTE 9 DE MAYO 2024, VALOR 3,902.63 COP | G34: 4.2.1 EXPERIENCIA ESPECÍFICA ADICIONAL La Entidad asignará cinco (5) puntos al Proponente que se comprometa con el diligenciamiento del “Formato 9 - Experiencia y formación académica adicional del Personal Clave Evaluable” a acreditar que tienen un (1) año de experiencia específica adicional a la definida en la “Matriz 4 | I34: 4.2.2 FORMACIÓN ACADÉMICA ADICIONAL La Entidad asignará cinco (5) puntos al Proponente que se comprometa con el diligenciamiento del “Formato 9 – Experiencia y formación académica adicional del Personal Clave Evaluable” a acreditar que tienen una formación académica adicional a la definida en la “Matriz 4 | J34: PUNTAJE 10 | K34: 1 | M34: 0.25 | N34: 0.25
B35: =K15 -> 397.12 | C35: =+AVERAGE(B35:B37) -> 421.95542 | G35: 5 | I35: 5 | J35: =G35+I35 -> 10
B36: =K16 -> 353.64475
B37: =K17 -> 515.10151
B39: P.O. Valor en $ | C39: P.O. Valor SMMLV
B40: =F21 -> 220397844 | C40: =B40/1300000 -> 169.5368
B42: 4.4. APOYO A LA INDUSTRIA NACIONAL | I42: VINCULACIÓN DE PERSONAS CON DISCAPACIDAD
B43: PROPONENTE | G43: PUNTAJE(0-20) | I43: PROPONENTE | J43: La Entidad asignará un (1) punto al Proponente que acredite el número mínimo de personas en condición de discapacidad, de acuerdo con el número total de trabajadores de la planta de su personal, en los términos señalados en el artículo 2.2.1.2.4.2.6. del Decreto 1082 de 2015. | M43: PUNTAJE (0-1)
B50: =B15 -> CONSORCIO INTERVENTOR VELNEC | C50: ACREDITA REQUISITO - FORMATO 7 – PUNTAJE DE INDUSTRIA NACIONAL FORMATO 7A – PROMOCIÓN DE SERVICIOS NACIONALES O CON TRATO NACIONAL | G50: 20 | I50: =+B15 -> CONSORCIO INTERVENTOR VELNEC | M50: 1
B56: PROPONENTE | C56: Asimismo, las Entidades deberán reducir durante la evaluación de las ofertas dos (2) puntos a los Proponentes que se les haya impuesto una o más multas o cláusulas penales durante el último año, contado a partir de la fecha prevista para el cierre del proceso, sin importar la cuantía y sin perjuicio de las demás consecuencias derivadas del incumplimiento. Esta reducción también afecta a los Consorcios y a las Uniones Temporales si alguno de sus integrantes se encuentra en la situación anterior. | H56: DESCUENTO PUNTAJE | J56: PROPONENTE | K56: Las Entidades deben consultar y analizar las anotaciones vigentes que reposen en el Registro Nacional de Obras Civiles Inconclusas de que trata la Ley 2020 de 2020. En el evento que las personas naturales o jurídicas, nacionales o extranjeras domiciliadas o con Sucursal en Colombia, o integrantes de Proponentes Plurales, cuenten con alguna anotación vigente de obra civil inconclusa en el mencionado registro, se descontará un (1) punto de la sumatoria obtenida en relación con los criterios de evaluación. | O56: DESCUENTO PUNTAJE
B60: =B15 -> CONSORCIO INTERVENTOR VELNEC | C60: VERIFICADO | H60: - | J60: =B15 -> CONSORCIO INTERVENTOR VELNEC | K60: VERIFICADO | O60: -
B64: TOTAL PUNTOS | C64: =+J35+K34+M34+N34+G50+M50 -> 32.5

Sheet CONSORCIO TEKVIAL INGENIEROS
A2: ANEXO EVALUACION DE EXPERIENCIA, TECNICA Y PUNTUABLE CMA-001-2024
A4: INTERVENTORÍA TÉCNICA, ADMINISTRATIVA, FINANCIERA, AMBIENTAL Y SST PARA EL MEJORAMIENTO DE LAS VÍAS DEL MUNICIPIO DE CHÍA, CUNDINAMARCA.
B8: 1. EXPERIENCIA GENERAL, 2.2 INTERVENTORÍA A PROYECTOS DE MEJORAMIENTO EN VÍAS TERCIARIAS
B10: Proponente | C10: Integrantes | D10: INTERVENTORÍA A PROYECTOS DE: CONSTRUCCIÓN O RECONSTRUCCIÓN O MEJORAMIENTO EN PAVIMENTO ASFÁLTICO O CONCRETO HIDRÁULICO O PLACA HUELLA DE VÍAS PRIMARIAS O SECUNDARIAS O VÍAS TERCIARIAS O VÍAS URBANAS O PISTAS DE AEROPUERTOS Nota 1: Se aclara que también será válida la experiencia que haya sido ejecutada a través de interventoría a alguna de las actividades constructivas de la experiencia general para Vías en Asfalto Natural o Asfaltita. Nota 2: En caso que el proyecto a realizar la interventoría corresponda a pavimento articulado o adoquinado, también será válida la acreditación de la experiencia en este tipo de pavimento por parte de los Proponentes. | H10: Participacion | I10: Valor en $ | J10: Valor en SMMLV | K10: Valor en SMMLV por porcentaje de participación | L10: El Proponente acreditará que la sumatoria de los contratos aportados como experiencia es mayor o igual al cien por ciento (100 %) respecto del valor total del Presupuesto Oficial establecido para el Proceso de Contratación expresado en SMMLV | N10: 10.1.3 CLASIFICACIÓN DE LA EXPERIENCIA EN EL “CLASIFICADOR DE BIENES, OBRAS Y SERVICIOS DE LAS NACIONES UNIDAS” Los contratos aportados para efectos de acreditación de la experiencia requerida deben estar clasificados en alguno de los siguientes códigos: 81101500 - 80101600 | P10: CUMPLE | Q10: OBSERVACION
B15: CONSORCIO TEKVIAL INGENIEROS | C15: INPROTEKTO LIMITADA: 50% (RUP ok) | D15: INTERVENTORÍA TÉCNICA PARA LAS VÍAS INTERMEDIAS Y LOCALES QUE EJECUTAN URBANIZADORES Y/O TERCEROS EN BOGOTÁ D.C. VALIDACION DE LOS DISEÑOS Y OBRAS DE VIAS, DISEÑO GEOMETRICO, ESPACIO PUBLICO, PLANES DE MANEJO DE TRAFICO E INTEGRACION DE LOS SISTEMAS DE MOVILIDAD Y DE REDES DE SERVICIOS PUBLICOS, PLAN DE MANEJO AMBIENTAL Y S&SOMA | H15: 0.5 | I15: 1077814000 | J15: 2012.3488 | K15: 2012.35 | L15: =+K15+K16+K17+K18 -> 2984.7648 | N15: ACREDITA LOS CODIGOS: 81101500 - 80101600 | P15: NO | Q15: EL PROPONENTE SE ENCUENTRA RECHAZADO JURIDICAMENTE
C16: INPROTEKTO LIMITADA: 50% | D16: INTERVENTORÍA TÉCNICA, ADMINISTRATIVA, FINANCIERA Y AMBIENTAL PARA EL MANTENIMIENTO Y MEJORAMIENTO DE VÍAS TERCIARIAS DEL PROGRAMA "COLOMBIA RURAL" EN LOS MUNICIPIOS DEL DEPARTAMENTO DE SUCRE | H16: 0.5 | I16: 3.2483763e+08 | J16: 357.54357 | K16: 357.54 | N16: ACREDITA LOS CODIGOS: 81101500 - 80101600
C17: BRAIN INGENIERÍA VIAL S.A.S.: 50% | D17: INTERVENTORÍA TÉCNICA, ADMINISTRATIVA, FINANCIERA Y AMBIENTAL PARA EL MANTENIMIENTO Y MEJORAMIENTO DE VÍAS TERCIARIAS DEL PROGRAMA "COLOMBIA RURAL" EN LOS MUNICIPIOS DEL DEPARTAMENTO DE SUCRE | H17: 0.5 | I17: 3.2483763e+08 | J17: 357.54357 | K17: 357.54 | N17: ACREDITA LOS CODIGOS: 81101500 - 80101600
C18: BRAIN INGENIERÍA VIAL S.A.S.: 50% (RUP ok) | D18: INTERVENTORIA TECNICA, ADMINISTRATIVA, FINANCIERA Y AMBIENTAL PARA EL MANTENIMIENTO Y MEJORAMIENTO DE VIAS TERCIARIAS DEL PROGRAMA "COLOMBIA RURAL" EN LOS MUNICIPIOS DEL DEPARTAMENTO DE ANTIOQUIA - GRUPO 1 | H18: 0.3 | I18: 2.5733483e+08 | J18: =+I18/SMMLV!D41 -> 257.33483 | K18: =+J18 -> 257.33483 | N18: ACREDITA LOS CODIGOS: 81101500 - 80101600
F20: P.O. Valor en $ | G20: P.O. Valor SMMLV | H20: PROMEDIO - EXPERIENCIA EN SMMLV
B21: Presupuesto Oficial | F21: 220397844 | G21: =F21/SMMLV!D43 -> 169.5368 | H21: =((K15+K16+K17+K18)/4) -> 746.19121 | J21: =+L15 -> 2984.7648
F25: 2. REGISTRO UNICO DE PROPONENTES
F26: Proponente | G26: Integrantes | H26: No. De Certificado | I26: Fecha de expediciòn | J26: CLASIFICACIÓN DE LA EXPERIENCIA EN EL “CLASIFICADOR DE BIENES, OBRAS Y SERVICIOS DE LAS NACIONES UNIDAS” 81101500 - 80101600 | K26: Verificado | M26: “Formato 8 - Aceptación y cumplimiento de la formación académica y la experiencia del personal clave evaluable” | N26: CUMPLE (SI/NO)
F27: =$B$15 -> CONSORCIO TEKVIAL INGENIEROS | G27: =C15 -> INPROTEKTO LIMITADA: 50% (RUP ok) | H27: AA24722144 | I27: 45393 | J27: VERIFICADO | K27: SI | N27: SI
F28: =$B$15 -> CONSORCIO TEKVIAL INGENIEROS | G28: =+C17 -> BRAIN INGENIERÍA VIAL S.A.S.: 50% | H28: AA24767557 | I28: 45618 | J28: VERIFICADO | K28: SI
B31: 3. CRITERIOS DE EVALUACIÓN, ASIGNACIÓN DE PUNTAJE Y CRITERIOS DE DESEMPATE
B32: FORMA DE VERIFICACIÓN Y ASIGNACIÓN DE PUNTAJE POR LA EXPERIENCIA DEL PROPONENTE | G32: 4.2 EQUIPO DE TRABAJO (Personal Clave Evaluable) | K32: 4.3 FACTOR DE SOSTENIBILIDAD La Entidad asignará un (1) punto al Proponente que se comprometa con el diligenciamiento del “Formato 12 – Factor de sostenibilidad” | M32: 4.6 EMPRENDIMIENTOS Y EMPRESAS DE MUJERES La Entidad asignará un puntaje de cero punto veinticinco (0.25) puntos al Proponente que acredite la calidad de emprendimientos y empresas de mujeres con domicilio en el territorio nacional de conformidad con lo previsto en el artículo 2.2.1.2.4.2.14. del Decreto 1082 de 2015 o la norma que lo modifique, sustituya o complemente. | N32: 4.7 MIPYME DOMICILIADA EN COLOMBIA La Entidad otorgará un puntaje de cero punto veinticinco (0.25) puntos al Proponente que acredite la calidad de Mipyme domiciliada en Colombia, de conformidad con el artículo 2.2.1.2.4.2.4 del Decreto 1082 de 2015, en concordancia con el parágrafo del artículo 2.2.1.13.2.4 del Decreto 1074 de 2015, o la norma que lo modifique, complemente o sustituya.
B33: CONTRATOS APORTADOS CONFORME EL VALOR EN SMMLV | C33: PROMEDIO DE CONTRATOS ACREDITADOS PARA EXPERIENCIA, EXPRESADO EN SMMLV | D33: TRM APLICADA | E33: METODO (Media geométrica) | G33: La asignación de puntaje relacionada con el “Equipo de trabajo (Personal Clave Evaluable)” se realizará de la siguiente manera:
D34: TMR - VIGENTE 9 DE MAYO 2024, VALOR 3,902.63 COP | G34: 4.2.1 EXPERIENCIA ESPECÍFICA ADICIONAL La Entidad asignará cinco (5) puntos al Proponente que se comprometa con el diligenciamiento del “Formato 9 - Experiencia y formación académica adicional del Personal Clave Evaluable” a acreditar que tienen un (1) año de experiencia específica adicional a la definida en la “Matriz 4 | I34: 4.2.2 FORMACIÓN ACADÉMICA ADICIONAL La Entidad asignará cinco (5) puntos al Proponente que se comprometa con el diligenciamiento del “Formato 9 – Experiencia y formación académica adicional del Personal Clave Evaluable” a acreditar que tienen una formación académica adicional a la definida en la “Matriz 4 | J34: PUNTAJE 10 | K34: - | M34: - | N34: -
B35: =K15 -> 2012.35 | C35: =+AVERAGE(B35:B38) -> 746.19121 | G35: - | I35: - | J35: -
B36: =K16 -> 357.54
B37: =K17 -> 357.54
B38: =K18 -> 257.33483
B40: P.O. Valor en $ | C40: P.O. Valor SMMLV
B41: =F21 -> 220397844 | C41: =B41/1300000 -> 169.5368
B43: 4.4. APOYO A LA INDUSTRIA NACIONAL | I43: VINCULACIÓN DE PERSONAS CON DISCAPACIDAD
B44: PROPONENTE | G44: PUNTAJE(0-20) | I44: PROPONENTE | J44: La Entidad asignará un (1) punto al Proponente que acredite el número mínimo de personas en condición de discapacidad, de acuerdo con el número total de trabajadores de la planta de su personal, en los términos señalados en el artículo 2.2.1.2.4.2.6. del Decreto 1082 de 2015. | M44: PUNTAJE (0-1)
B51: =B15 -> CONSORCIO TEKVIAL INGENIEROS | C51: ACREDITA REQUISITO - FORMATO 7 – PUNTAJE DE INDUSTRIA NACIONAL FORMATO 7A – PROMOCIÓN DE SERVICIOS NACIONALES O CON TRATO NACIONAL | G51: - | I51: =+B15 -> CONSORCIO TEKVIAL INGENIEROS | M51: -
B57: PROPONENTE | C57: Asimismo, las Entidades deberán reducir durante la evaluación de las ofertas dos (2) puntos a los Proponentes que se les haya impuesto una o más multas o cláusulas penales durante el último año, contado a partir de la fecha prevista para el cierre del proceso, sin importar la cuantía y sin perjuicio de las demás consecuencias derivadas del incumplimiento. Esta reducción también afecta a los Consorcios y a las Uniones Temporales si alguno de sus integrantes se encuentra en la situación anterior. | H57: DESCUENTO PUNTAJE | J57: PROPONENTE | K57: Las Entidades deben consultar y analizar las anotaciones vigentes que reposen en el Registro Nacional de Obras Civiles Inconclusas de que trata la Ley 2020 de 2020. En el evento que las personas naturales o jurídicas, nacionales o extranjeras domiciliadas o con Sucursal en Colombia, o integrantes de Proponentes Plurales, cuenten con alguna anotación vigente de obra civil inconclusa en el mencionado registro, se descontará un (1) punto de la sumatoria obtenida en relación con los criterios de evaluación. | O57: DESCUENTO PUNTAJE
B61: =B15 -> CONSORCIO TEKVIAL INGENIEROS | C61: VERIFICADO | H61: - | J61: =B15 -> CONSORCIO TEKVIAL INGENIEROS | K61: VERIFICADO | O61: -
B65: TOTAL PUNTOS | C65: -

Sheet MIRS
A2: ANEXO EVALUACION DE EXPERIENCIA, TECNICA Y PUNTUABLE CMA-001-2024
A4: INTERVENTORÍA TÉCNICA, ADMINISTRATIVA, FINANCIERA, AMBIENTAL Y SST PARA EL MEJORAMIENTO DE LAS VÍAS DEL MUNICIPIO DE CHÍA, CUNDINAMARCA.
B8: 1. EXPERIENCIA GENERAL, 2.2 INTERVENTORÍA A PROYECTOS DE MEJORAMIENTO EN VÍAS TERCIARIAS
B10: Proponente | C10: Integrantes | D10: INTERVENTORÍA A PROYECTOS DE: CONSTRUCCIÓN O RECONSTRUCCIÓN O MEJORAMIENTO EN PAVIMENTO ASFÁLTICO O CONCRETO HIDRÁULICO O PLACA HUELLA DE VÍAS PRIMARIAS O SECUNDARIAS O VÍAS TERCIARIAS O VÍAS URBANAS O PISTAS DE AEROPUERTOS Nota 1: Se aclara que también será válida la experiencia que haya sido ejecutada a través de interventoría a alguna de las actividades constructivas de la experiencia general para Vías en Asfalto Natural o Asfaltita. Nota 2: En caso que el proyecto a realizar la interventoría corresponda a pavimento articulado o adoquinado, también será válida la acreditación de la experiencia en este tipo de pavimento por parte de los Proponentes. | H10: Participacion | I10: Valor en $ | J10: Valor en SMMLV | K10: Valor en SMMLV por porcentaje de participación | L10: El Proponente acreditará que la sumatoria de los contratos aportados como experiencia es mayor o igual al cien por ciento (100 %) respecto del valor total del Presupuesto Oficial establecido para el Proceso de Contratación expresado en SMMLV | N10: 10.1.3 CLASIFICACIÓN DE LA EXPERIENCIA EN EL “CLASIFICADOR DE BIENES, OBRAS Y SERVICIOS DE LAS NACIONES UNIDAS” Los contratos aportados para efectos de acreditación de la experiencia requerida deben estar clasificados en alguno de los siguientes códigos: 81101500 - 80101600 | P10: CUMPLE
B15: MIRS LATINOAMERICA S.A.S | C15: KYARA NAYVITH AMEIDA GAMARRA, 1.140.819.809: 35% | D15: INTERVENTORIA TECNICA, ADMINISTRATIVA, FINANCIERA, LEGAL, SOCIAL, SEGURIDAD Y SALUD EN EL TRABAJO Y MEDIO AMBIENTE DE LAS OBRAS DE MANTENIMIENTO Y REHABILITACION PARA LA CONSERVACION DE LA MALLA VIAL LOCAL, QUE PERMITA COMPLEMENTAR LA EJECUCION MISIONAL DE LA UMV EN LOS PROGRAMAS Y PROYECTOS QUE SE ENCUENTRAN A CARGO DE LA ENTIDAD, PARA LOS GRUPOS 1, 2, 3, 4 Y 5 EN LA CIUDAD DE BOGOTA D.C. | H15: 1 | I15: 930366400 | J15: =+I15/SMMLV!D35 -> 1349.423 | K15: =+J15 -> 1349.423 | L15: =+K15 -> 1349.423 | N15: ACREDITA LOS CODIGOS: 80101600 | P15: SI
C16: UMBRELLA ORGANIZATION S.A.S., 901.426.704-4: 35%
C17: JUDITH DEL SOCORRO GAMARRA NOVOA, 32.707.782: 30%
F19: P.O. Valor en $ | G19: P.O. Valor SMMLV | H19: PROMEDIO - EXPERIENCIA EN SMMLV
B20: Presupuesto Oficial | F20: 220397844 | G20: =F20/SMMLV!D43 -> 169.5368 | H20: =((K15)/1) -> 1349.423 | J20: =+L15 -> 1349.423
F24: 2. REGISTRO UNICO DE PROPONENTES
F25: Proponente | G25: Integrantes | H25: No. De Certificado | I25: Fecha de expediciòn | J25: CLASIFICACIÓN DE LA EXPERIENCIA EN EL “CLASIFICADOR DE BIENES, OBRAS Y SERVICIOS DE LAS NACIONES UNIDAS” 81101500 - 80101600 | K25: Verificado | M25: “Formato 8 - Aceptación y cumplimiento de la formación académica y la experiencia del personal clave evaluable” | N25: CUMPLE (SI/NO)
F26: =$B$15 -> MIRS LATINOAMERICA S.A.S | G26: =C17 -> JUDITH DEL SOCORRO GAMARRA NOVOA, 32.707.782: 30% | H26: AA24790452 | I26: 45407 | J26: VERIFICADO | K26: SI | N26: SI
B29: 3. CRITERIOS DE EVALUACIÓN, ASIGNACIÓN DE PUNTAJE Y CRITERIOS DE DESEMPATE
B30: FORMA DE VERIFICACIÓN Y ASIGNACIÓN DE PUNTAJE POR LA EXPERIENCIA DEL PROPONENTE | G30: 4.2 EQUIPO DE TRABAJO (Personal Clave Evaluable) | K30: 4.3 FACTOR DE SOSTENIBILIDAD La Entidad asignará un (1) punto al Proponente que se comprometa con el diligenciamiento del “Formato 12 – Factor de sostenibilidad” | M30: 4.6 EMPRENDIMIENTOS Y EMPRESAS DE MUJERES La Entidad asignará un puntaje de cero punto veinticinco (0.25) puntos al Proponente que acredite la calidad de emprendimientos y empresas de mujeres con domicilio en el territorio nacional de conformidad con lo previsto en el artículo 2.2.1.2.4.2.14. del Decreto 1082 de 2015 o la norma que lo modifique, sustituya o complemente. | N30: 4.7 MIPYME DOMICILIADA EN COLOMBIA La Entidad otorgará un puntaje de cero punto veinticinco (0.25) puntos al Proponente que acredite la calidad de Mipyme domiciliada en Colombia, de conformidad con el artículo 2.2.1.2.4.2.4 del Decreto 1082 de 2015, en concordancia con el parágrafo del artículo 2.2.1.13.2.4 del Decreto 1074 de 2015, o la norma que lo modifique, complemente o sustituya.
B31: CONTRATOS APORTADOS CONFORME EL VALOR EN SMMLV | C31: PROMEDIO DE CONTRATOS ACREDITADOS PARA EXPERIENCIA, EXPRESADO EN SMMLV | D31: TRM APLICADA | E31: METODO (Media geométrica) | G31: La asignación de puntaje relacionada con el “Equipo de trabajo (Personal Clave Evaluable)” se realizará de la siguiente manera:
D32: TMR - VIGENTE 9 DE MAYO 2024, VALOR 3,902.63 COP | G32: 4.2.1 EXPERIENCIA ESPECÍFICA ADICIONAL La Entidad asignará cinco (5) puntos al Proponente que se comprometa con el diligenciamiento del “Formato 9 - Experiencia y formación académica adicional del Personal Clave Evaluable” a acreditar que tienen un (1) año de experiencia específica adicional a la definida en la “Matriz 4 | I32: 4.2.2 FORMACIÓN ACADÉMICA ADICIONAL La Entidad asignará cinco (5) puntos al Proponente que se comprometa con el diligenciamiento del “Formato 9 – Experiencia y formación académica adicional del Personal Clave Evaluable” a acreditar que tienen una formación académica adicional a la definida en la “Matriz 4 | J32: PUNTAJE 10 | K32: 1 | M32: 0.25 | N32: 0.25
B33: =K15 -> 1349.423 | C33: =+AVERAGE(B33:B34) -> 1349.423 | G33: 5 | I33: 5 | J33: =G33+I33 -> 10
B36: P.O. Valor en $ | C36: P.O. Valor SMMLV
B37: =F20 -> 220397844 | C37: =B37/1300000 -> 169.5368
B39: 4.4. APOYO A LA INDUSTRIA NACIONAL | I39: VINCULACIÓN DE PERSONAS CON DISCAPACIDAD
B40: PROPONENTE | G40: PUNTAJE(0-20) | I40: PROPONENTE | J40: La Entidad asignará un (1) punto al Proponente que acredite el número mínimo de personas en condición de discapacidad, de acuerdo con el número total de trabajadores de la planta de su personal, en los términos señalados en el artículo 2.2.1.2.4.2.6. del Decreto 1082 de 2015. | M40: PUNTAJE (0-1)
B47: =B15 -> MIRS LATINOAMERICA S.A.S | C47: ACREDITA REQUISITO - FORMATO 7 – PUNTAJE DE INDUSTRIA NACIONAL FORMATO 7A – PROMOCIÓN DE SERVICIOS NACIONALES O CON TRATO NACIONAL | G47: 20 | I47: =+B15 -> MIRS LATINOAMERICA S.A.S | M47: 1
B53: PROPONENTE | C53: Asimismo, las Entidades deberán reducir durante la evaluación de las ofertas dos (2) puntos a los Proponentes que se les haya impuesto una o más multas o cláusulas penales durante el último año, contado a partir de la fecha prevista para el cierre del proceso, sin importar la cuantía y sin perjuicio de las demás consecuencias derivadas del incumplimiento. Esta reducción también afecta a los Consorcios y a las Uniones Temporales si alguno de sus integrantes se encuentra en la situación anterior. | H53: DESCUENTO PUNTAJE | J53: PROPONENTE | K53: Las Entidades deben consultar y analizar las anotaciones vigentes que reposen en el Registro Nacional de Obras Civiles Inconclusas de que trata la Ley 2020 de 2020. En el evento que las personas naturales o jurídicas, nacionales o extranjeras domiciliadas o con Sucursal en Colombia, o integrantes de Proponentes Plurales, cuenten con alguna anotación vigente de obra civil inconclusa en el mencionado registro, se descontará un (1) punto de la sumatoria obtenida en relación con los criterios de evaluación. | O53: DESCUENTO PUNTAJE
B57: =B15 -> MIRS LATINOAMERICA S.A.S | C57: VERIFICADO | H57: - | J57: =B15 -> MIRS LATINOAMERICA S.A.S | K57: VERIFICADO | O57: -
B61: TOTAL PUNTOS | C61: =+J33+K32+M32+N32+G47+M47 -> 32.5

Sheet SMMLV
C2: Año | D2: Salario mínimo mensual
C3: 1984 | D3: 11298
C4: 1985 | D4: 13558
C5: 1986 | D5: 16811
C6: 1987 | D6: 20510
C7: 1988 | D7: 25637
C8: 1989 | D8: 32560
C9: 1990 | D9: 41025
C10: 1991 | D10: 51720
C11: 1992 | D11: 65190
C12: 1993 | D12: 81510
C13: 1994 | D13: 98700
C14: 1995 | D14: 118934
... C43: 2024 | D43: 1300000
